%YAML 1.1
%TAG !u! tag:unity3d.com,2011:
--- !u!1 &198493959289409666
GameObject:
  m_ObjectHideFlags: 0
  m_CorrespondingSourceObject: {fileID: 0}
  m_PrefabInstance: {fileID: 0}
  m_PrefabAsset: {fileID: 0}
  serializedVersion: 6
  m_Component:
  - component: {fileID: 3981434581889399065}
  m_Layer: 0
  m_Name: FlatCorner_3.1
  m_TagString: Untagged
  m_Icon: {fileID: 0}
  m_NavMeshLayer: 0
  m_StaticEditorFlags: 0
  m_IsActive: 1
--- !u!4 &3981434581889399065
Transform:
  m_ObjectHideFlags: 0
  m_CorrespondingSourceObject: {fileID: 0}
  m_PrefabInstance: {fileID: 0}
  m_PrefabAsset: {fileID: 0}
  m_GameObject: {fileID: 198493959289409666}
  serializedVersion: 2
  m_LocalRotation: {x: 0, y: 0, z: 0, w: 1}
  m_LocalPosition: {x: 0, y: 0, z: 0}
  m_LocalScale: {x: 1, y: 1, z: 1}
  m_ConstrainProportionsScale: 0
  m_Children:
  - {fileID: 1918529354290063127}
  m_Father: {fileID: 0}
  m_LocalEulerAnglesHint: {x: 0, y: 0, z: 0}
--- !u!1001 &2095657295867478268
PrefabInstance:
  m_ObjectHideFlags: 0
  serializedVersion: 2
  m_Modification:
    serializedVersion: 3
    m_TransformParent: {fileID: 3981434581889399065}
    m_Modifications:
    - target: {fileID: -8679921383154817045, guid: 4dda0404f9feac84c97d813df13784d9, type: 3}
      propertyPath: m_LocalScale.x
      value: 1.5
      objectReference: {fileID: 0}
    - target: {fileID: -8679921383154817045, guid: 4dda0404f9feac84c97d813df13784d9, type: 3}
      propertyPath: m_LocalScale.y
      value: 1.5000001
      objectReference: {fileID: 0}
    - target: {fileID: -8679921383154817045, guid: 4dda0404f9feac84c97d813df13784d9, type: 3}
      propertyPath: m_LocalScale.z
      value: 1.5000001
      objectReference: {fileID: 0}
    - target: {fileID: -8679921383154817045, guid: 4dda0404f9feac84c97d813df13784d9, type: 3}
      propertyPath: m_LocalPosition.x
      value: 0
      objectReference: {fileID: 0}
    - target: {fileID: -8679921383154817045, guid: 4dda0404f9feac84c97d813df13784d9, type: 3}
      propertyPath: m_LocalPosition.y
      value: 0
      objectReference: {fileID: 0}
    - target: {fileID: -8679921383154817045, guid: 4dda0404f9feac84c97d813df13784d9, type: 3}
      propertyPath: m_LocalPosition.z
      value: 0
      objectReference: {fileID: 0}
    - target: {fileID: -8679921383154817045, guid: 4dda0404f9feac84c97d813df13784d9, type: 3}
      propertyPath: m_LocalRotation.w
      value: 0.7071068
      objectReference: {fileID: 0}
    - target: {fileID: -8679921383154817045, guid: 4dda0404f9feac84c97d813df13784d9, type: 3}
      propertyPath: m_LocalRotation.x
      value: -0.7071068
      objectReference: {fileID: 0}
    - target: {fileID: -8679921383154817045, guid: 4dda0404f9feac84c97d813df13784d9, type: 3}
      propertyPath: m_LocalRotation.y
      value: -0
      objectReference: {fileID: 0}
    - target: {fileID: -8679921383154817045, guid: 4dda0404f9feac84c97d813df13784d9, type: 3}
      propertyPath: m_LocalRotation.z
      value: -0
      objectReference: {fileID: 0}
    - target: {fileID: -8679921383154817045, guid: 4dda0404f9feac84c97d813df13784d9, type: 3}
      propertyPath: m_LocalEulerAnglesHint.x
      value: -90
      objectReference: {fileID: 0}
    - target: {fileID: -8679921383154817045, guid: 4dda0404f9feac84c97d813df13784d9, type: 3}
      propertyPath: m_LocalEulerAnglesHint.y
      value: 0
      objectReference: {fileID: 0}
    - target: {fileID: -8679921383154817045, guid: 4dda0404f9feac84c97d813df13784d9, type: 3}
      propertyPath: m_LocalEulerAnglesHint.z
      value: 0
      objectReference: {fileID: 0}
    - target: {fileID: 919132149155446097, guid: 4dda0404f9feac84c97d813df13784d9, type: 3}
      propertyPath: m_Name
      value: Dungeon_Corner_Flat_1
      objectReference: {fileID: 0}
    m_RemovedComponents: []
    m_RemovedGameObjects: []
    m_AddedGameObjects: []
    m_AddedComponents:
    - targetCorrespondingSourceObject: {fileID: 919132149155446097, guid: 4dda0404f9feac84c97d813df13784d9, type: 3}
      insertIndex: -1
      addedObject: {fileID: 8464349588957742725}
    - targetCorrespondingSourceObject: {fileID: 919132149155446097, guid: 4dda0404f9feac84c97d813df13784d9, type: 3}
      insertIndex: -1
      addedObject: {fileID: 707205373586885098}
  m_SourcePrefab: {fileID: 100100000, guid: 4dda0404f9feac84c97d813df13784d9, type: 3}
--- !u!1 &1284701155618602413 stripped
GameObject:
  m_CorrespondingSourceObject: {fileID: 919132149155446097, guid: 4dda0404f9feac84c97d813df13784d9, type: 3}
  m_PrefabInstance: {fileID: 2095657295867478268}
  m_PrefabAsset: {fileID: 0}
--- !u!64 &8464349588957742725
MeshCollider:
  m_ObjectHideFlags: 0
  m_CorrespondingSourceObject: {fileID: 0}
  m_PrefabInstance: {fileID: 0}
  m_PrefabAsset: {fileID: 0}
  m_GameObject: {fileID: 1284701155618602413}
  m_Material: {fileID: 0}
  m_IncludeLayers:
    serializedVersion: 2
    m_Bits: 0
  m_ExcludeLayers:
    serializedVersion: 2
    m_Bits: 0
  m_LayerOverridePriority: 0
  m_IsTrigger: 0
  m_ProvidesContacts: 0
  m_Enabled: 1
  serializedVersion: 5
  m_Convex: 0
  m_CookingOptions: 30
  m_Mesh: {fileID: -1242636865283140479, guid: 4dda0404f9feac84c97d813df13784d9, type: 3}
--- !u!65 &707205373586885098
BoxCollider:
  m_ObjectHideFlags: 0
  m_CorrespondingSourceObject: {fileID: 0}
  m_PrefabInstance: {fileID: 0}
  m_PrefabAsset: {fileID: 0}
  m_GameObject: {fileID: 1284701155618602413}
  m_Material: {fileID: 0}
  m_IncludeLayers:
    serializedVersion: 2
    m_Bits: 0
  m_ExcludeLayers:
    serializedVersion: 2
    m_Bits: 0
  m_LayerOverridePriority: 0
  m_IsTrigger: 0
  m_ProvidesContacts: 0
  m_Enabled: 1
  serializedVersion: 3
  m_Size: {x: 1.8000001, y: 1.8000001, z: 1}
  m_Center: {x: -0.099999964, y: 0.10000019, z: 3.5}
--- !u!4 &1918529354290063127 stripped
Transform:
  m_CorrespondingSourceObject: {fileID: -8679921383154817045, guid: 4dda0404f9feac84c97d813df13784d9, type: 3}
  m_PrefabInstance: {fileID: 2095657295867478268}
  m_PrefabAsset: {fileID: 0}
